 Dungeon Crawl Stone Soup version 0.27.1-3-gb3d3a73c9e (webtiles) character file.

Game seed: 10348262087169781657

107 pkoi the Slasher (level 4, 0/39 HPs)
             Began as a Minotaur Fighter on Oct 21, 2021.
             Splashed by a jelly's acid (10 damage)
             ... on level 2 of the Dungeon.
             The game lasted 00:01:57 (2071 turns).

pkoi the Slasher (Minotaur Fighter)                 Turns: 2071, Time: 00:01:59

Health: 0/39       AC:  2    Str: 22    XL:     4   Next: 56%
Magic:  3/3        EV:  7    Int:  5    God:
Gold:   30         SH:  9    Dex:  9    Spells: 3/3 levels left

rFire    . . .     SeeInvis .   a - +0 long sword
rCold    . . .     Faith    .   c - +0 kite shield
rNeg     . . .     Spirit   .   b - +0 scale mail
rPois    .         Reflect  .   (helmet restricted)
rElec    .         Harm     .   (no cloak)
rCorr    .         Rampage  .   (no gloves)
Will     +....                  (no boots)
Stlth    ..........             (no amulet)
HPRegen  0.13/turn              h - ring of willpower
MPRegen  0.08/turn              (no ring)

@: corroded
A: horns 2, retaliatory headbutt
a: no special abilities


You were on level 2 of the Dungeon.
You visited 1 branch of the dungeon, and saw 2 of its levels.

You collected 30 gold pieces.

Inventory:

Hand Weapons
 a - a +0 long sword (weapon)
Missiles
 j - 5 boomerangs (quivered)
 m - 21 poisoned darts
Armour
 b - a +0 scale mail (worn)
 c - a +0 kite shield (worn)
Jewellery
 f - a ring of ice
 h - a ring of willpower (left hand)
Scrolls
 g - a scroll of immolation {unknown}
 k - a scroll of blinking {unknown}
 o - a scroll of amnesia {unknown}
Potions
 d - a potion of might
 e - a potion of berserk rage {unknown}
 i - a potion of magic {unknown}
 l - a potion of heal wounds {unknown}
 n - a potion of brilliance {unknown}


   Skills:
 - Level 3.6 Fighting
 * Level 5.0 Long Blades
 - Level 3.6 Armour
 + Level 4.7 Shields


You had 3 spell levels left.
You didn't know any spells.
Your spell library was empty.

Dungeon Overview and Level Annotations

Branches:
Dungeon (2/15)

Altars:


Innate Abilities, Weirdness & Mutations

You have a pair of horns on your head.
You reflexively headbutt those who attack you in melee.


Message History

a +0 club; 3 stones
There is an open gate, spattered with blood here.
Things that are here:
a +0 whip; a +0 dagger You open the door.
There is an open door here.
Key pressed, stopping explore.
You see here a +0 dagger.
An endoplasm is nearby!
You hit the endoplasm but do no damage. The endoplasm freezes you.
You are frozen.
You slash the endoplasm!
You kill the endoplasm!
You close the door.
You see here a +0 dagger.
You hear a distant slurping noise.
The door mysteriously vanishes.
There is an open door here.
You close the door.
You hear a distant slurping noise.
The door mysteriously vanishes.
The jelly hits you. The acid corrodes you!
You are splashed with acid!
You hit the jelly.
Your hands burn!
The jelly is lightly wounded.
You block the jelly's attack. The jelly barely misses you.
You riposte.
You hit the jelly.
The jelly is lightly wounded.
Your shield prevents you from hitting the jelly.
You headbutt the jelly.
The jelly is lightly wounded.
The jelly hits you. The acid corrodes you!
You are splashed with acid!
* * * LOW HITPOINT WARNING * * *
You slash the jelly!
Your hands burn!
* * * LOW HITPOINT WARNING * * *
The jelly is heavily wounded.
The jelly hits you.
* * * LOW HITPOINT WARNING * * *
You are splashed with acid!
You die...

#.........# #######....
#.######### ####. ### #.
########### #. #$..÷..##.#######
## #.÷÷...#.#.#....#####
#..÷...#.#.#.....##.#
#PP....#.#.#......'.##
#....JJ#)#....J@..)..#
#..PJJJ#J#........'..###########
#...÷..#.#.......##).)).........
##.J...÷.##......#########..####.
##......############# ####..#....
######### ####.# #.......##. ####
#### #.##.###.##..####. ...# #..#
#.##.........####. ..## #..#
#.######.###......


You could see a jelly.

Vanquished Creatures
  A jelly (D:2)
  An adder (D:2)
  A dart slug (D:1)
  15 endoplasms
  3 giant cockroaches
  3 goblins (D:2)
  6 hobgoblins
  15 kobolds
  4 ball pythons
  A bat (D:1)
  2 frilled lizards (D:2)
  5 rats
57 creatures vanquished.

Vanquished Creatures (others)
  5 fungi (D:2)
  9 toadstools (D:2)
14 creatures vanquished.

Grand Total: 71 creatures vanquished

Notes
Turn   | Place    | Note
-------+----------+-------------------------------------------
     0 | D:1      | pkoi the Minotaur Fighter began the quest for the Orb.
     0 | D:1      | Reached XP level 1. HP: 19/19 MP: 0/0
    63 | D:1      | Reached skill level 3 in Long Blades
    65 | D:1      | Reached XP level 2. HP: 26/26 MP: 1/1
   389 | D:1      | Found a faded altar of an unknown god.
   746 | D:2      | Reached XP level 3. HP: 31/31 MP: 2/2
   903 | D:2      | Reached skill level 4 in Long Blades
  1572 | D:2      | Reached XP level 4. HP: 34/39 MP: 3/3
  1579 | D:2      | Reached skill level 5 in Long Blades
  2071 | D:2      | Splashed by a jelly's acid

Illustrated notes

Levels and vault maps discovered:
D:1:      dpeg_arrival_stone_temple_mockup, layout_rooms,
          ebering_ecumenical_altar_hall, skrybe_limestone_x,
          grunt_decor_fettered
D:2:      cheibrodos_fertilizer, layout_loops_corners, minivault_14

Skill      XL: |  1  2  3  4 |
---------------+-------------+-----
Long Blades    | 3 4 5 |  5.0
Shields        | 4 |  4.7
Fighting       | |  3.6
Armour         | |  3.6

Action                   |  1- 3 |  4- 6 || total
-------------------------+-------+-------++-------
Melee: Long sword        |    93 |    19 ||   112
       Headbutt          |    15 |     2 ||    17
Armor: Scale mail        |    42 |     4 ||    46
Dodge: Dodged            |    28 |     5 ||    33
Block: Kite shield       |    53 |     5 ||    58
       Rpst.: Long sword |     4 |     2 ||     6
